 Dungeon Crawl Stone Soup version 0.24-a0-475-g5b41c6f198 (webtiles) character file.

Game seed: 14556770786373469225

147 vurker the Firebug (level 5, -5/34 HPs)
             Began as an Octopode Fire Elementalist on July 5, 2019.
             Was an Initiate of Sif Muna.
             Slain by a gnoll
             ... wielding a +4 flail
              (8 damage)
             ... on level 3 of the Dungeon.
             The game lasted 00:05:07 (3087 turns).

vurker the Firebug (Octopode Fire Elementalist)     Turns: 3087, Time: 00:05:08

Health: -5/34      AC:  1    Str:  7    XL:     5   Next: 29%
Magic:  4/18       EV: 13    Int: 19    God:    Sif Muna [......]
Gold:   122        SH:  0    Dex: 12    Spells: 3/9 levels left

rFire    . . .     SeeInvis .   (no weapon)
rCold    . . .     Gourm    +   (no shield)
rNeg     . . .     Faith    .   (helmet restricted)
rPois    .         Spirit   .   j - amulet of the gourmand
rElec    .         Reflect  .   n - ring of magical power (curse)
rCorr    .         Harm     .   (no ring)
MR       .....                  (no ring)
Stlth    ++........             (no ring)
HPRegen  0.11/turn              (no ring)
MPRegen  0.16/turn              (no ring)
                                (no ring)
                                (no ring)

@: glowing
A: almost no armour, stealthy swim, amphibious, 8 rings, constrict 8, camouflage
1, gelatinous body 1
a: Renounce Religion


You were on level 3 of the Dungeon.
You worshipped Sif Muna.
Sif Muna was noncommittal.
You were very full.

You visited 1 branch of the dungeon, and saw 4 of its levels.

You collected 122 gold pieces.

Inventory:

Jewellery
 j - an amulet of the gourmand (around mantle)
   (You found it on level 2 of the Dungeon)
 n - a cursed ring of magical power (left tentacle)
   (You found it on level 2 of the Dungeon)
Wands
 l - a wand of polymorph (8)
   (You found it on level 2 of the Dungeon)
 o - a wand of enslavement (12)
   (You found it on level 3 of the Dungeon)
Scrolls
 a - 5 scrolls of identify {unknown}
 b - 5 scrolls of remove curse {unknown}
 d - 2 scrolls of enchant armour {unknown}
 i - a scroll of teleportation {unknown}
 m - a scroll of enchant weapon {unknown}
 q - a scroll of amnesia {unknown}
Potions
 c - 3 potions of curing {unknown}
 f - 2 potions of heal wounds {unknown}
 g - a potion of ambrosia {unknown}
 h - 2 potions of haste {unknown}
 k - a potion of flight {unknown}
 p - 2 potions of berserk rage {unknown}
 r - a potion of brilliance {unknown}
Comestibles
 e - 4 rations {!d}


   Skills:
 + Level 1.9 Fighting
 - Level 2.0 Dodging
 - Level 2.6 Stealth
 + Level 2.8 Spellcasting
 + Level 2.2 Conjurations
 * Level 4.3 Fire Magic


You had 3 spell levels left.
You knew the following spells:

 Your Spells              Type           Power        Failure   Level  Hunger
a - Flame Tongue          Conj/Fire      ###..        4%          1    None
b - Throw Flame           Conj/Fire      ###...       6%          2    ##.....
c - Conjure Flame         Conj/Fire      ###.....     12%         3    ###....

Your spell library contained the following spells:

 Spells                   Type           Power        Failure   Level  Hunger
 Inner Flame              Hex/Fire       ##......     19%         3    ###....
 Sticky Flame             Conj/Fire      ###.....     36%         4    ####...
 Fireball                 Conj/Fire      ###.......   73%         5    ######.


Dungeon Overview and Level Annotations

Branches:
Dungeon (4/15)             Temple (0/1) D:4

Altars:
Dithmenos
Sif Muna

Annotations:
D:3 Ijyb, Sigmund


Innate Abilities, Weirdness & Mutations

You cannot wear most types of armour.
You are very stealthy in the water. (Stealth+)
You are amphibious.
You can wear up to eight rings at the same time.
You can use your tentacles to constrict eight enemies at once.
Your skin changes colour to match your surroundings (Stealth+).
Your rubbery body absorbs attacks. (AC +1, EV +1)


Message History

The flame tongue hits the gnoll shaman.
The gnoll shaman hits you with a +0 club.
Aim: a gnoll shaman, wielding a +0 club and wearing a +0 leather armour (lightly wounded)
The flame tongue hits the gnoll shaman!
The gnoll hits the plant but does no damage.
The gnoll shaman calls upon its god to speed up the gnoll.
The gnoll seems to speed up.
Something bites the plant but does no damage.
Your magical contamination has completely faded away.
Aim: a gnoll shaman, wielding a +0 club and wearing a +0 leather armour (heavily wounded)
The flame tongue hits the gnoll shaman but does no damage.
The gnoll hits the plant but does no damage.
The gnoll shaman misses you.
Aim: a gnoll shaman, wielding a +0 club and wearing a +0 leather armour (heavily wounded)
The flame tongue misses the gnoll shaman.
The flame tongue hits the gnoll!
The gnoll shaman hits you with a +0 club!
Aim: a gnoll shaman, wielding a +0 club and wearing a +0 leather armour (heavily wounded)
The flame tongue hits the gnoll shaman.
The gnoll shaman calls upon its god to heal the gnoll.
The gnoll is healed somewhat.
The gnoll hits you from afar with a +0 spear!
* * * LOW HITPOINT WARNING * * *
You barely miss the gnoll shaman. You grab the gnoll shaman.
You constrict the gnoll shaman. The gnoll shaman closely misses you.
The gnoll barely misses you.
Unknown command.
You release your grip on the gnoll shaman.
The gnoll shaman calls upon its god to speed up the gnoll.
The gnoll seems to speed up.
You see here a cursed -1 club.
Aim: a gnoll shaman, wielding a +0 club and wearing a +0 leather armour (almost dead)
The flame tongue hits the gnoll shaman.
You kill the gnoll shaman!
Sif Muna accepts your kill. The gnoll hits you with a +4 flail.
* * * LOW HITPOINT WARNING * * *
The gnoll hits you from afar with a +0 spear!
* * * LOW HITPOINT WARNING * * *
The gnoll barely misses you.
There is a stone staircase leading up here.
The gnoll completely misses you. The gnoll barely misses you.
You climb upwards.
Level annotation: Ijyb, Sigmund
There is a stone staircase leading down here.
Aim: a gnoll, wielding a +4 flail (fast)
The flame tongue misses the gnoll.
The gnoll closely misses you.
Aim: a gnoll, wielding a +4 flail (fast)
The flame tongue hits the gnoll!
The gnoll hits you with a +4 flail!
You die...

#. ##.#
... #..##
# ...#
####.#..#
......g.#
#...@#
#..### #.
#


You could see a gnoll.

Vanquished Creatures
  A gnoll shaman (D:4)
  A centaur skeleton (D:4)
  2 adders
  A gnoll (D:4)
  2 adder skeletons (D:4)
  3 worms
  2 dart slugs (D:1)
  3 leopard geckos
  2 orcs
  4 giant cockroaches
  5 goblins
  A hobgoblin (D:1)
  4 jackals (D:3)
  A ball python (D:1)
  4 bats
  2 frilled lizards
  A kobold (D:2)
  A leopard gecko skeleton (D:4)
  3 rats
43 creatures vanquished.

Notes
Turn   | Place    | Note
-------+----------+-------------------------------------------
     0 | D:1      | vurker the Octopode Fire Elementalist began the quest for
                  | the Orb.
     0 | D:1      | Reached XP level 1. HP: 11/11 MP: 3/3
   198 | D:1      | You fall into a shaft and drop 1 floor!
   291 | D:1      | Reached XP level 2. HP: 2/18 MP: 0/5
   555 | D:1      | Learned a level 2 spell: Throw Flame
  1172 | D:2      | Reached XP level 3. HP: 22/22 MP: 4/6
  1177 | D:2      | Learned a level 3 spell: Conjure Flame
  1506 | D:2      | Reached skill level 1 in Fighting
  2135 | D:2      | Found a deep blue altar of Sif Muna.
  2138 | D:2      | Became a worshipper of Sif Muna the Loreminder
  2164 | D:2      | Found a shadowy altar of Dithmenos.
  2330 | D:3      | Noticed Ijyb
  2458 | D:3      | Reached XP level 4. HP: 28/28 MP: 7/7
  2543 | D:3      | Noticed Sigmund
  3042 | D:4      | Found a staircase to the Ecumenical Temple.
  3049 | D:4      | Reached skill level 4 in Fire Magic
  3050 | D:4      | Reached XP level 5. HP: 31/34 MP: 7/9
  3087 | D:3      | Slain by a gnoll

Levels and vault maps discovered:
D:1:      psy_arrival_fountain, layout_loops_ring
D:2:      layout_basic, lemuel_blue_sif_altar, nicolae_overflow_hidden_temple
D:3:      layout_basic, first_ration, uniq_sigmund, uniq_ijyb, uniq_natasha
D:4:      layout_rooms, zin_angel, minmay_temple_entry_overgrown,
          gup_sewer_entry_glass

Skill      XL: |  1  2  3  4 |
---------------+-------------+-----
Fighting       | 1 |  1.9
Conjurations   | 2 |  2.2
Fire Magic     | 4 |  4.3
Dodging        | |  2.0
Stealth        | |  2.6
Spellcasting   | |  2.8

Action                   |  1- 3 |  4- 6 || total
-------------------------+-------+-------++-------
Melee: Unarmed           |    33 |    12 ||    45
       Constrict         |    11 |     4 ||    15
       Tentacles         |     7 |     2 ||     9
 Cast: Flame Tongue      |    41 |    27 ||    68
       Throw Flame       |    10 |     6 ||    16
 Stab: Sleeping          |     4 |     1 ||     5
  Eat: Chunk             |     7 |     8 ||    15
Armor: Skin              |     1 |     2 ||     3
Dodge: Dodged            |    28 |    17 ||    45

Table legend:
 A = Non-vault XP
 B = Vault XP
 C = Vault XP percentage of total XP
 D = Non-vault monster count
 E = Vault monster count
 F = Vault count percentage of total count
                 A         B        C        D         E       F
            +---------+---------+-------+---------+---------+-------
      Total |     211 |       0 |   0.0 |      43 |       0 |   0.0
            +---------+---------+-------+---------+---------+-------
        D:1 |      31 |       0 |   0.0 |      14 |       0 |   0.0
        D:2 |      37 |       0 |   0.0 |      11 |       0 |   0.0
        D:3 |      23 |       0 |   0.0 |      10 |       0 |   0.0
        D:4 |     120 |       0 |   0.0 |       8 |       0 |   0.0
            +---------+---------+-------+---------+---------+-------
